 Dungeon Crawl Stone Soup version 0.22-a0-32-ga749362 (webtiles) character file.

38 grindst0ne the Chucker (level 3, -4/39 HPs)
             Began as an Ogre Hunter on Jan 3, 2018.
             Slain by grindst0ne's ghost (7 damage)
             ... on level 3 of the Dungeon.
             The game lasted 00:03:54 (1195 turns).

grindst0ne the Chucker (Ogre Hunter)                Turns: 1195, Time: 00:03:55

Health: -4/39      AC:  3    Str: 16    XL:     3   Next: 43%
Magic:  3/3        EV: 10    Int: 13    God:
Gold:   107        SH:  0    Dex:  9    Spells: 2/2 levels left

rFire    . . .     SeeInvis .   m - +1 mace
rCold    . . .     Gourm    .   (no shield)
rNeg     . . .     Faith    .   b - +0 robe
rPois    .         Spirit   .   (helmet restricted)
rElec    .         Reflect  .   (no cloak)
rCorr    .         Harm     .   (gloves unavailable)
MR       .....                  (boots unavailable)
Stlth    +.........             (no amulet)
HPRegen  0.13/turn              (no ring)
MPRegen  0.08/turn              (no ring)

@: no status effects
A: large, unfitting armour, tough skin 1
a: no special abilities


You were on level 3 of the Dungeon.
You were hungry.

You visited 1 branch of the dungeon, and saw 3 of its levels.

You collected 107 gold pieces.

Inventory:

Hand Weapons
 m - a +1 mace (weapon)
Missiles
 c - 3 large rocks (quivered)
 d - a throwing net
Armour
 b - a +0 robe (worn)
 k - a +0 pair of gloves
Scrolls
 g - 4 scrolls of identify {unknown}
 l - 2 scrolls of enchant armour {unknown}
 n - a scroll of remove curse
Potions
 a - a potion of haste {unknown}
 e - a potion of brilliance {unknown}
 h - a potion of heal wounds {unknown}
 i - 2 potions of degeneration {unknown}
 j - a potion of mutation {unknown}
 o - a potion of cancellation {unknown}
 p - a potion of ambrosia {unknown}
Comestibles
 f - 3 rations


   Skills:
 + Level 3.8 Fighting
 + Level 0.5 Maces & Flails
 + Level 4.5 Throwing
 - Level 1.7 Dodging
 - Level 0.6 Stealth


You had 2 spell levels left.
You didn't know any spells.

Dungeon Overview and Level Annotations

Branches:
Dungeon (3/15)

Altars:
Cheibriados
Fedhas
Uskayaw
Wu Jian

Annotations:
D:3 grindst0ne's ghost, amateur OgHu


Innate Abilities, Weirdness & Mutations

You are too large for most types of armour.
You have tough skin. (AC +1)


Message History

You see here 26 stones.
Grindst0ne's ghost says, "You must not fail where I succeeded!"
Grindst0ne's ghost lets out a mournful wail.
You feel something passing dangerously close to your head.
You see here a large rock.
c - a large rock Grindst0ne's ghost glances around for something to throw.
Grindst0ne's ghost hits you but does no damage.
Things that are here:
a throwing net; 2 large rocks
c - 3 large rocks (gained 2);
d - a throwing net Grindst0ne's ghost hits you!
* * * LOW HITPOINT WARNING * * *
The jackal bites you.
* * * LOW HITPOINT WARNING * * *
You see here a throwing net.
Grindst0ne's ghost screams, "What do you have that I didn't have?"
You see here 26 stones.
Grindst0ne's ghost hits you!
You die...

### ##########
#.. .........#
#.# ########.#
#.# #.###.#
#########..[).#
.......<....@.#
........#####W#
#######.# #h#
#.# #h# #h# #.#
#h# ##h## #h#
##...## #.#
#.###(# #h# #.
#h#


You could see grindst0ne's ghost and 3 jackals.

Vanquished Creatures
  An adder (D:2)
  An ooze (D:1)
  2 goblins
  7 hobgoblins
  3 bats
  2 frilled lizards (D:1)
  5 kobolds
  5 rats
26 creatures vanquished.

Notes
Turn   | Place    | Note
-------+----------+-------------------------------------------
     0 | D:1      | grindst0ne the Ogre Hunter began the quest for the Orb.
     0 | D:1      | Reached XP level 1. HP: 22/22 MP: 1/1
   107 | D:1      | Reached XP level 2. HP: 23/31 MP: 2/2
   521 | D:2      | Found a snail-covered altar of Cheibriados.
   652 | D:2      | Reached XP level 3. HP: 21/37 MP: 3/3
  1016 | D:2      | Found a blossoming altar of Fedhas.
  1019 | D:2      | Found an ornate altar of the Wu Jian Council.
  1057 | D:2      | Found a hide-covered altar of Uskayaw.
  1144 | D:3      | Noticed grindst0ne's ghost (amateur OgHu)
  1195 | D:3      | Slain by grindst0ne's ghost

Vault maps used:
D:1:      eino_arrival_water_cross
D:2:      nicolae_overflow_hidden_temple
D:3:      uniq_terence

Skill      XL: |  1 |
---------------+----+-----
Fighting       | 3 |  3.8
Maces & Flails | |  0.5
Throwing       | |  4.5
Dodging        | |  1.7
Stealth        | |  0.6

Action                   || total
-------------------------++-------
Melee: Mace              ||    52
       Short sword       ||     3
Throw: Large rock        ||    17
       Throwing net      ||     2
  Use: Scroll            ||     3
 Stab: Distracted        ||     1
Armor: Robe              ||    27
Dodge: Dodged            ||    44

Table legend:
 A = Spawn XP
 B = Non-spawn XP
 C = Spawn XP percentage of total XP
 D = Spawn monster count
 E = Non-spawn monster count
 F = Spawn count percentage of total count
 G = Total turns spent on level
                    A         B        C        D         E        F      G
               +---------+---------+-------+---------+---------+-------+---------
         Total |       0 |      55 |   0.0 |       0 |      26 |   0.0 |  1195
               +---------+---------+-------+---------+---------+-------+---------
           D:1 |       0 |      28 |   0.0 |       0 |      15 |   0.0 |   492
           D:2 |       0 |      27 |   0.0 |       0 |      11 |   0.0 |   631
               +---------+---------+-------+---------+---------+-------+---------
